 Seeded DCSS version 0.29.1-15-g9cfb28693d (webtiles) character file.

Game seed: 6320845443627075161 (custom seed)

4 Psyclone the Magician (level 1, 10/10 HPs)
             Began as a Deep Elf Fire Elementalist on Sept 29, 2023.
             Quit the game on level 1 of the Dungeon.
             The game lasted 00:00:45 (732 turns).

Psyclone the Magician (Deep Elf Fire Elementalist)   Turns: 732, Time: 00:00:45

Health: 10/10      AC:  2    Str:  5    XL:     1   Next: 50%
Magic:  7/7        EV: 12    Int: 19    God:
Gold:   50         SH:  0    Dex: 15    Spells: 6/7 levels left

rFire   . . .      SeeInvis .   (no weapon)
rCold   . . .      Faith    .   (no shield)
rNeg    . . .      Spirit   .   a - +0 robe
rPois   .          Reflect  .   (no helmet)
rElec   .          Harm     .   (no cloak)
rCorr   .          Rampage  .   (no gloves)
Will    .....                   (no boots)
Stlth   ++........              (no amulet)
HPRegen 0.03/turn               (no ring)
MPRegen 0.10/turn               (no ring)

@: no status effects
A: no striking features
a: no special abilities


You were on level 1 of the Dungeon.
You visited 1 branch of the dungeon, and saw 1 of its levels.

You collected 50 gold pieces.

Inventory:

Armour
 a - a +0 robe (worn)
Scrolls
 c - 2 scrolls of teleportation {unknown}
 f - 2 scrolls of magic mapping {unknown}
Potions
 b - a potion of magic
 d - a potion of curing {unknown}
 e - a potion of haste {unknown}
 g - a potion of resistance {unknown}
 h - a potion of brilliance {unknown}


   Skills:
 - Level 2.4 Dodging
 - Level 2.4 Stealth
 + Level 3.5 Spellcasting
 - Level 1.1 Conjurations
 - Level 3.2 Fire Magic


You had 6 spell levels left.
You knew the following spells:

 Your Spells              Type           Power      Damage    Failure   Level
a - Foxfire               Conj/Fire      44%        2x1d6     6%          1

Your spell library contained the following spells:

 Spells                   Type           Power      Damage    Failure   Level
 Scorch                   Fire           30%        2d7       6%          2
 Freeze                   Ice            12%        1d4       14%         1
 Conjure Flame            Conj/Fire      11%        6-21      19%         3
 Inner Flame              Hex/Fire       9%         N/A       22%         3
 Frozen Ramparts          Ice            6%         1d1       41%         3
 Flame Wave               Conj/Fire      11%        2d6       52%         4
 Hailstorm                Conj/Ice       5%         3d4       75%         4


Dungeon Overview and Level Annotations

Branches:
Dungeon (1/15) Zot: 5268

Altars:


Message History

Confirm with . or Enter, or press ? or * to list all spells.
You conjure some foxfire!
You now have 5/6 mp.
Casting: Foxfire (safe; 6% risk of failure)
Confirm with . or Enter, or press ? or * to list all spells.
You miscast Foxfire.
You are very lightly contaminated with residual magic.
Nothing appears to happen.
You now have 4/6 mp.
Casting: Foxfire (safe; 6% risk of failure)
Confirm with . or Enter, or press ? or * to list all spells.
You conjure some foxfire!
The foxfire hits the ball python.
The ball python is moderately wounded.
The ball python hisses angrily.
You now have 3/6 mp.
A ball python is nearby!
A ball python is nearby!
Casting: Foxfire (safe; 6% risk of failure)
Confirm with . or Enter, or press ? or * to list all spells.
You conjure some foxfire!
The foxfire hits the ball python.
You kill the ball python!
You now have 2/7 mp.
Casting: Foxfire (safe; 6% risk of failure)
Confirm with . or Enter, or press ? or * to list all spells.
You conjure some foxfire!
You now have 1/7 mp.
Casting: Foxfire (safe; 6% risk of failure)
Confirm with . or Enter, or press ? or * to list all spells.
You conjure some foxfire!
Your foxfire dissipates! x2
You now have 0/7 mp.
Your foxfire dissipates! x2
Your foxfire dissipates!
Your foxfire dissipates!
Your magical contamination has completely faded away.
h - a bubbling golden potion MP restored: 7 Done exploring.
Done exploring.
Are you sure you want to abandon this character and quit the game? (Confirm with "yes".)

#...##+#.......##............####
#..............++............+...
.#.............##............##..
.#.............##............##..
......>........'....)..........##
...............#####.#########...
.........###########.###########.
.........##...................##.
.#.......#......@...⌠..........#.
.#.......#......⌠.......⌠......#.
.........##...................##.
.........###..⌠...⌠...⌠...⌠..####
.........####...............##...
.#.........###.⌠....⌠....⌠.###...
.#.........####.......(...## #...
######.......###..⌠...⌠..## ####
######.......# ##.......## ###


There were no monsters in sight!

Vanquished Creatures
  A ball python (D:1)
  A goblin (D:1)
  A bat (D:1)
  A rat (D:1)
4 creatures vanquished.

Vanquished Creatures (others)
  25 foxfires (D:1)
25 creatures vanquished.

Grand Total: 29 creatures vanquished

Notes
Turn   | Place    | Note
-------+----------+-------------------------------------------
     0 | D:1      | Psyclone the Deep Elf Fire Elementalist began the quest for
                  | the Orb.
     0 | D:1      | Reached XP level 1. HP: 10/10 MP: 6/6
   732 | D:1      | Quit the game

Illustrated notes

Levels and vault maps discovered:
D:1:      dpeg_arrival_lava_temple_mockup, layout_basic

Action                   || total
-------------------------++-------
 Cast: Foxfire           ||    14
Dodge: Dodged            ||     2
